 Dungeon Crawl Stone Soup version 0.24-a0-528-g98e85ec62a (webtiles) character file.

Game seed: 3366012068814257012

4333 Gynju the Grappler (level 10, -4/100 HPs)
             Began as a Troll Monk on Aug 6, 2019.
             Was a Believer of Makhleb.
             Slain by a two-headed ogre
             ... wielding a cursed -3 dire flail
              (24 damage)
             ... on level 8 of the Dungeon.
             The game lasted 00:13:32 (7204 turns).

Gynju the Grappler (Troll Monk)                     Turns: 7204, Time: 00:13:32

Health: -4/100     AC:  7    Str: 21    XL:     10   Next: 12%
Magic:  9/9        EV: 14    Int:  6    God:    Makhleb [**....]
Gold:   407        SH:  0    Dex: 15    Spells: 9/9 levels left

rFire    + . .     SeeInvis .   w - +5 battleaxe
rCold    + . .     Gourm    +   (shield currently unavailable)
rNeg     . . .     Faith    .   a - +1 robe
rPois    .         Spirit   .   (helmet restricted)
rElec    .         Reflect  .   m - scarf {rC+ rF+}
rCorr    .         Harm     .   (gloves unavailable)
MR       .....                  (boots unavailable)
Stlth    ++........             (no amulet)
HPRegen  0.66/turn              (no ring)
MPRegen  0.11/turn              (no ring)

@: no status effects
A: large, unfitting armour, claws 3, fast metabolism 3, gourmand, regeneration
1, shaggy fur 1, tough skin 3
a: Minor Destruction, Renounce Religion


You were on level 8 of the Dungeon.
You worshipped Makhleb.
Makhleb was pleased with you.
You were not hungry.

You visited 2 branches of the dungeon, and saw 9 of its levels.
You also visited: Sewer.

You collected 407 gold pieces.

Inventory:

Hand Weapons
 b - a +0 hunting sling
 j - a +0 flail
 w - a +5 battleaxe (weapon)
Missiles
 f - 119 sling bullets
Armour
 a - a +1 robe (worn)
 m - a scarf of resistance (worn)
Jewellery
 d - an uncursed ring of protection from cold {unknown}
 y - an uncursed ring of poison resistance
 z - an uncursed amulet of harm {unknown}
Wands
 s - a wand of iceblast (7)
 B - a wand of disintegration (15)
 D - a wand of acid (11)
 E - a wand of flame (12)
 F - a wand of paralysis (4)
 G - a wand of polymorph (11)
Scrolls
 c - 11 scrolls of identify
 n - 6 scrolls of remove curse
 o - 7 scrolls of teleportation
 p - a scroll of magic mapping
 r - a scroll of noise {unknown}
 t - a scroll of random uselessness {unknown}
 x - a scroll of enchant armour
 A - a scroll of enchant weapon {unknown}
 C - a scroll of fear {unknown}
 I - a scroll of immolation {unknown}
Potions
 e - 3 potions of agility
 g - 5 potions of flight
 h - 5 potions of curing
 i - 4 potions of haste
 l - 2 potions of heal wounds {unknown}
 q - a potion of ambrosia {unknown}
 u - 2 potions of brilliance {unknown}
 v - a potion of resistance {unknown}
 H - a potion of lignification {unknown}
Comestibles
 k - 13 rations


   Skills:
 + Level 6.6 Fighting
 + Level 6.6 Dodging
 - Level 1.0 Stealth
 * Level 10.8 Unarmed Combat
 + Level 0.6 Invocations


You had 9 spell levels left.
You didn't know any spells.
Your spell library was empty.

Dungeon Overview and Level Annotations

Branches:
Dungeon (8/15)             Temple (1/1) D:7
   Lair: D:8-11

Altars:
Ashenzari
Cheibriados
Dithmenos
Elyvilon
Fedhas
Gozag
Hepliaklqana
Kikubaaqudgha
Makhleb
Nemelex Xobeh
Okawaru
Qazlal
Ru
Sif Muna
Trog
Uskayaw
Vehumet
Wu Jian
Xom
Yredelemnul
Zin
The Shining One

Shops:
D:5 }


Innate Abilities, Weirdness & Mutations

You are too large for most types of armour.
You have claws for hands.
Your metabolism is lightning-fast.
You like to eat raw meat.
Your natural rate of healing is unusually fast.
You are covered in fur. (AC +1)
You have extremely tough skin. (AC +3)


Message History

You are too injured to fight recklessly!
You are too injured to fight recklessly!
You are too injured to fight recklessly!
You are too injured to fight recklessly!
You are too injured to fight recklessly!
You are too injured to fight recklessly!
You are too injured to fight recklessly!
You are too injured to fight recklessly!
You are too injured to fight recklessly!
You are too injured to fight recklessly!
You are too injured to fight recklessly!
You are too injured to fight recklessly!
You barely miss the two-headed ogre.
The two-headed ogre is heavily wounded.
The two-headed ogre barely misses you.
The two-headed ogre hits you with a +0 giant club!
The two-headed ogre hits you with a cursed -3 dire flail!!
* * * LOW HITPOINT WARNING * * *
The two-headed ogre hits you with a +0 giant club!!
You die...

.#......+ .#......
.......# .#.....#
......# .#.....#
.....# .#.....#
####....# .#.....#
..##....# .#.....#
........#
.#.....##.......O#
.#..............@#
.'...............#
.#.....##..##....#
.#.....##..##....#
.#...............#
.#...............#
.###...######....#
## #...##..##....#
#.............#


You could see a two-headed ogre.

Vanquished Creatures
  A two-headed ogre (D:7)
  A hippogriff (D:8)
  A hungry ghost (D:7)
  4 sky beasts
  An ice beast (D:7)
  7 ogres
  4 phantoms
  4 centaurs
  4 big kobolds
  3 scorpions
  3 wights (D:6)
  A centaur zombie (D:6)
  A crimson imp (D:8)
  3 jellies
  5 hounds
  3 bullfrog skeletons
  2 orc priests
  4 orc wizards
  Ijyb (D:3)
  3 iguanas
  6 worker ants
  A killer bee zombie (D:5)
  A hound zombie (D:7)
  A hound skeleton (D:7)
  2 worker ant zombies
  13 adders
  5 gnolls
  A howler monkey skeleton (D:7)
  3 river rats (Sewer)
  2 oozes (D:2)
  3 dart slugs
  7 leopard geckos
  22 orcs
  11 bats
  4 giant cockroaches
  7 goblins
  6 hobgoblins
  5 jackals
  15 kobolds
  4 quokkas
  2 ball pythons
  4 frilled lizards
  A jackal skeleton (D:6)
  7 rats
189 creatures vanquished.

Vanquished Creatures (others)
  2 kobolds (D:7)
2 creatures vanquished.

Grand Total: 191 creatures vanquished

Notes
Turn   | Place    | Note
-------+----------+-------------------------------------------
     0 | D:1      | Gynju the Troll Monk began the quest for the Orb.
     0 | D:1      | Reached XP level 1. HP: 22/22 MP: 0/0
   153 | D:1      | Reached XP level 2. HP: 29/29 MP: 1/1
   788 | D:2      | Reached XP level 3. HP: 36/36 MP: 2/2
   890 | D:2      | Reached skill level 4 in Unarmed Combat
   984 | D:2      | Reached XP level 4. HP: 44/44 MP: 3/3
  1870 | D:3      | Reached XP level 5. HP: 53/53 MP: 4/4
  2174 | D:3      | Noticed a phantom
  2200 | D:3      | Killed a phantom
  2200 | D:3      | Reached skill level 5 in Unarmed Combat
  2287 | D:3      | Reached XP level 6. HP: 61/61 MP: 5/5
  2460 | D:3      | Noticed Ijyb
  2475 | D:3      | Killed Ijyb
  3034 | D:4      | Reached skill level 6 in Unarmed Combat
  3034 | D:4      | Reached XP level 7. HP: 51/70 MP: 6/6
  3341 | D:5      | Entered Level 5 of the Dungeon
  3405 | D:5      | Found a glowing drain.
  3418 | Sewer    | Entered a sewer
  3548 | Sewer    | Found a glowing silver altar of Zin.
  3693 | D:5      | Reached skill level 7 in Unarmed Combat
  3783 | D:5      | Reached XP level 8. HP: 76/79 MP: 7/7
  3813 | D:5      | Found Qemea's Gadget Shop.
  3884 | D:5      | Found a white marble altar of Elyvilon.
  4527 | D:6      | Reached skill level 5 in Fighting
  4527 | D:6      | Reached skill level 8 in Unarmed Combat
  4556 | D:6      | Reached skill level 5 in Dodging
  4649 | D:6      | Found a glowing golden altar of the Shining One.
  5091 | D:6      | Reached XP level 9. HP: 72/88 MP: 8/8
  5091 | D:6      | Reached skill level 9 in Unarmed Combat
  5539 | D:7      | Found a shimmering altar of Xom.
  5712 | D:7      | Found a staircase to the Ecumenical Temple.
  5744 | Temple   | Entered the Ecumenical Temple
  5967 | D:7      | Reached skill level 10 in Unarmed Combat
  6223 | D:7      | Noticed a two-headed ogre
  6230 | D:7      | Killed a two-headed ogre
  6781 | D:8      | Reached XP level 10. HP: 99/100 MP: 9/9
  6928 | D:8      | Found a radiant altar of Vehumet.
  6929 | D:8      | Found a burning altar of Makhleb.
  6937 | D:8      | Became a worshipper of Makhleb the Destroyer
  6937 | D:8      | Reached * piety under Makhleb
  6937 | D:8      | Reached ** piety under Makhleb
  7195 | D:8      | Noticed a two-headed ogre
  7204 | D:8      | Slain by a two-headed ogre

Levels and vault maps discovered:
D:1:      dpeg_arrival_pits, layout_basic, grunt_decor_arrowhead, minmay_3d_cube
D:2:      layout_loops_ring
D:3:      layout_basic, first_ration, uniq_ijyb
D:4:      layout_gridville, serial_rivers, chequers_serial_rivers_small_b,
          chequers_serial_rivers_micro_b, chequers_serial_rivers_small_a,
          chequers_serial_rivers_small_3, chequers_serial_rivers_small_a
D:5:      layout_basic, elyvilon_altar_5, serial_shops, nicolae_shop_stone,
          cheibrodos_sewer_entry_sluice
D:6:      minmay_recursive_quarters, layout_loops_ring,
          nicolae_tso_carved_into_rock
D:7:      layout_gridville, minmay_temple_entry_slanted, xom_confusion_cloud
D:8:      layout_gridville, grunt_temple_overflow_lords_of_destruction,
          grunt_ogre_cave
Temple:   nicolae_temple_no_exploring_needed

Skill      XL: |  1  2  3  4  5  6  7  8  9 |
---------------+----------------------------+-----
Unarmed Combat | 4 5 6 7 8 10 | 10.8
Fighting       | 3 4 5 6 |  6.6
Dodging        | 3 4 5 6 |  6.6
Stealth        | |  1.0
Invocations    | |  0.6

Action                   |  1- 3 |  4- 6 |  7- 9 | 10-12 || total
-------------------------+-------+-------+-------+-------++-------
Melee: Unarmed           |    59 |    96 |   152 |       ||   307
       Battleaxe         |    10 |   110 |   132 |    56 ||   308
       Punch             |       |     2 |     7 |       ||     9
  Use: Scroll            |       |       |    11 |       ||    11
 Stab: Sleeping          |     3 |     3 |     5 |     1 ||    12
       Confused          |       |       |     2 |       ||     2
  Eat: Chunk             |    15 |    19 |    35 |     5 ||    74
       Ration            |       |       |     1 |       ||     1
Armor: Robe              |    26 |    94 |   104 |    19 ||   243
Dodge: Dodged            |    36 |   126 |   196 |    58 ||   416

Table legend:
 A = Non-vault XP
 B = Vault XP
 C = Vault XP percentage of total XP
 D = Non-vault monster count
 E = Vault monster count
 F = Vault count percentage of total count
                 A         B        C        D         E       F
            +---------+---------+-------+---------+---------+-------
      Total |    5123 |    1067 |  17.2 |     158 |      31 |  16.4
            +---------+---------+-------+---------+---------+-------
        D:1 |      34 |       6 |  15.0 |      21 |       5 |  19.2
        D:2 |      91 |       0 |   0.0 |      18 |       0 |   0.0
        D:3 |     251 |      36 |  12.5 |      23 |       1 |   4.2
        D:4 |     408 |       0 |   0.0 |      14 |       0 |   0.0
        D:5 |     838 |       3 |   0.4 |      22 |       3 |  12.0
        D:6 |    1011 |     595 |  37.0 |      29 |      10 |  25.6
        D:7 |    1813 |     118 |   6.1 |      19 |       1 |   5.0
        D:8 |     677 |     164 |  19.5 |      12 |       2 |  14.3
      Sewer |       0 |     145 | 100.0 |       0 |       9 | 100.0
            +---------+---------+-------+---------+---------+-------
